 Dungeon Crawl Stone Soup version 0.22-a0-858-g985ef60 (webtiles) character file.

33814 Kuinu the Warrior (level 13, -7/127 HPs)
             Began as a Minotaur Fighter on July 27, 2018.
             Was an Elder of Trog.
             Mangled by a harpy (12 damage)
             ... summoned by Kirke
             ... on level 5 of the Lair of Beasts.
             The game lasted 00:54:37 (18895 turns).

Kuinu the Warrior (Minotaur Fighter)               Turns: 18895, Time: 00:54:38

Health: -7/127     AC:  0    Str: 26    XL:     13   Next: 38%
Magic:  12/12      EV: 13    Int:  5    God:    Trog [****..]
Gold:   906        SH:  0    Dex: 10    Spells: 13/13 levels left

rFire    . . .     SeeInvis .   (weapon currently unavailable)
rCold    . . .     Gourm    .   (shield currently unavailable)
rNeg     . . .     Faith    .   (armour currently unavailable)
rPois    .         Spirit   .   (helmet currently unavailable)
rElec    .         Reflect  .   (cloak currently unavailable)
rCorr    .         Harm     .   (gloves currently unavailable)
MR       .....                  (boots currently unavailable)
Stlth    +.........             F - amulet of magic regeneration
HPRegen  0.31/turn              (ring currently unavailable)
MPRegen  0.38/turn              (ring currently unavailable)

@: pig-form, hasted, very quick
A: small, (retaliatory headbutt)
a: Berserk, Trog's Hand, Brothers in Arms, Renounce Religion


You were on level 5 of the Lair of Beasts.
You worshipped Trog.
Trog was greatly pleased with you.
You were not hungry.
You were a filthy swine.
You visited 3 branches of the dungeon, and saw 18 of its levels.

You collected 1081 gold pieces.
You spent 175 gold pieces at shops.

Inventory:

Hand Weapons
 a - a +0 long sword
 k - the +7 short sword of Greed (melded) {speed, MR- Int+2 Dex+4}
   (You found it on level 8 of the Dungeon)

   Attacks with this weapon are significantly faster.
   It affects your intelligence (+2).
   It affects your dexterity (+4).
   It affects your resistance to hostile enchantments.
 s - a +4 scimitar of flaming
 G - a +1 long sword of holy wrath
Armour
 b - a +0 scale mail
 c - a +0 shield
 e - a +0 pair of gloves (melded)
 p - a +2 hat of magic resistance (melded)
 w - a +0 pair of boots (melded)
 A - the +3 ring mail "Sugeifom" {rPois Stlth+}
   (You found it on level 6 of the Dungeon)

   It protects you from poison.
   It makes you more stealthy.
 D - the cursed +0 ring mail of Xom's Delight {rCorr Dex+4}
   (You found it on level 10 of the Dungeon)

   It affects your dexterity (+4).
   It provides partial protection from all sources of acid and corrosion.
   It has a curse placed upon it.
 K - a +0 chain mail (melded)
 N - a +0 shield (melded)
 U - a +0 cloak (melded)
Jewellery
 h - a ring of see invisible (melded)
 l - a +3 ring of dexterity (melded)
 F - an amulet of magic regeneration (around neck)
 R - a cursed ring of protection from fire
Wands
 u - a wand of flame (17)
 v - a wand of digging (19)
 B - a wand of disintegration (35)
 E - a wand of random effects (13)
Scrolls
 d - 8 scrolls of remove curse {unknown}
 g - a scroll of amnesia {unknown}
 j - 7 scrolls of teleportation
 m - 3 scrolls of magic mapping
 o - 3 scrolls of fear
 q - 3 scrolls of noise {unknown}
 t - 4 scrolls of enchant weapon {unknown}
 x - a scroll of fog {unknown}
 y - 2 scrolls of identify
 C - 2 scrolls of blinking {unknown}
 I - 2 scrolls of immolation {unknown}
 O - a scroll of enchant armour {unknown}
 S - a scroll of vulnerability {unknown}
Potions
 i - 3 potions of brilliance
 n - a potion of magic
 r - 2 potions of ambrosia
 z - 2 potions of curing
 H - a potion of mutation
 J - a potion of haste
 L - 3 potions of agility
 M - 2 potions of resistance
 Q - 2 potions of flight {unknown}
Comestibles
 f - 23 rations


   Skills:
 * Level 15.5 Fighting
 * Level 15.4 Long Blades
 + Level 11.7 Armour
 + Level 11.7 Shields
 + Level 0.5 Spellcasting


You had 13 spell levels left.
You didn't know any spells.
Your spell library contained the following spells:

 Spells                   Type           Power        Failure   Level  Hunger
 Apportation              Tloc           #.....       45%         1    ##.....
 Confuse                  Hex            #.......     83%         3    ####...
 Summon Small Mammal      Summ           #...         45%         1    ##.....
 Animate Skeleton         Necr           N/A          45%         1    ##.....
 Tukima's Dance           Hex            #.......     83%         3    ####...
 Confusing Touch          Hex            #.....       45%         1    ##.....
 Ensorcelled Hibernation  Hex/Ice        #.....       61%         2    ###....
 Corona                   Hex            #......      45%         1    ##.....
 Dazzling Spray           Conj/Hex       #.....       83%         3    ####...


Dungeon Overview and Level Annotations

Branches:
Dungeon (12/15)            Temple (1/1) D:7            Lair (5/6) D:9
 Shoals (0/4) Lair:4       Spider (0/4) Lair:4          Orc (0/2) D:9
  Slime: Lair:5-6

Altars:
Ashenzari
Fedhas
Gozag
Hepliaklqana
Makhleb
Nemelex Xobeh
Okawaru
Ru
Sif Muna
Trog
Vehumet
Wu Jian
Yredelemnul
Zin
The Shining One

Shops:
D:4 ?   D:10 [

Annotations:
D:6 3 runed doors, Supahsalami's ghost, novice GrVM
D:12 Rupert
Lair:5 Kirke


Innate Abilities, Weirdness & Mutations

((You reflexively headbutt those who attack you in melee.))
((You have a pair of horns on your head.))


Message History

The harpy screeches!
The harpy claws you. The harpy claws you!
* * * LOW HITPOINT WARNING * * *
A hog comes into view.
The harpy claws you.
* * * LOW HITPOINT WARNING * * *
The harpy barely misses you.
You feel much better. The harpy claws you!
* * * LOW HITPOINT WARNING * * *
The harpy claws you!
* * * LOW HITPOINT WARNING * * *
The harpy claws you!
* * * LOW HITPOINT WARNING * * *
The harpy claws you.
* * * LOW HITPOINT WARNING * * *
Okay, then.
You feel yourself speed up.
The harpy screeches!
The harpy claws the fungus!
The harpy claws the fungus.
The harpy claws you!
You die...

#### #######
..#PP.###.#.P.##. ####..
........................
.......hHh..............
#...##.#PH.............. .
###......##.#......
.#P.#..#.......##.......
......#.@hH............
......#hh...#......... .
##...###†...#.#........
...#.#..###h...##.........
....#...##................


You could see Kirke, a manticore, 2 harpies and 5 hogs.

Vanquished Creatures
  Gastronok (Lair:3)
  A hydra (Lair:4)
  Fannar (D:10)
  Erica (D:8)
  2 two-headed ogres
  Sonja (Lair:2)
  Pikel (D:7)
  An ugly thing (D:11)
  A wolf spider (Lair:1)
  A manticore (D:11)
  An elephant (Lair:2)
  2 black mambas
  14 spiny frogs
  5 komodo dragons
  A kobold demonologist (D:11)
  3 rime drakes
  2 trolls
  A queen bee (Lair:2)
  A hornet (Lair:1)
  5 dream sheep (Lair:3)
  7 blink frogs
  5 hippogriffs
  A redback (Lair:4)
  2 wraiths
  5 wyverns
  32 yaks
  A hog (Lair:5)
  2 hungry ghosts
  6 basilisks
  Duvessa (D:5)
  6 water moccasins
  5 porcupines
  3 phantoms
  A hornet zombie (D:11)
  3 orc warriors
  2 ice beasts
  4 sky beasts
  3 black bears
  A necrophage (D:9)
  A wolf (Lair:2)
  7 ogres
  4 centaurs
  6 crocodiles
  3 big kobolds
  15 bullfrogs
  Blork the orc (D:5)
  Dowan (D:5)
  A water moccasin skeleton (D:6)
  29 killer bees
  2 scorpions
  A howler monkey (D:6)
  A crimson imp (D:5)
  2 bullfrog zombies
  2 hounds
  A quasit (D:9)
  3 jellies
  A centaur skeleton (D:7)
  A centaur zombie (D:7)
  9 orc wizards
  5 orc priests
  6 bullfrog skeletons
  12 worker ants
  2 killer bee zombies
  A worker ant zombie (D:8)
  19 adders
  A howler monkey skeleton (D:4)
  7 river rats
  4 shadow imps
  2 oozes
  2 adder skeletons
  2 worms
  2 dart slugs
  2 leopard geckos
  35 orcs
  A ball python (D:3)
  7 giant cockroaches
  7 goblins
  2 hobgoblins
  10 jackals
  7 bats
  5 frilled lizards
  12 kobolds
  A leopard gecko skeleton (D:5)
  A quokka skeleton (D:6)
  5 rats
  A plant (D:9)
388 creatures vanquished.

Vanquished Creatures (others)
  14 fungi
  20 plants
34 creatures vanquished.

Grand Total: 422 creatures vanquished

Notes
Turn   | Place    | Note
-------+----------+-------------------------------------------
     0 | D:1      | Kuinu the Minotaur Fighter began the quest for the Orb.
     0 | D:1      | Reached XP level 1. HP: 19/19 MP: 0/0
   426 | D:1      | Reached XP level 2. HP: 27/27 MP: 1/1
  1046 | D:2      | Reached XP level 3. HP: 32/33 MP: 2/2
  1432 | D:2      | Found an opulent altar of Gozag.
  1998 | D:2      | Found a blossoming altar of Fedhas.
  1998 | D:2      | Found an ornate altar of the Wu Jian Council.
  2012 | D:2      | Found an iron altar of Okawaru.
  2021 | D:2      | Reached XP level 4. HP: 41/41 MP: 3/3
  2763 | D:3      | Reached skill level 5 in Fighting
  2763 | D:3      | Reached XP level 5. HP: 8/48 MP: 4/4
  2932 | D:3      | Found a glowing drain.
  3778 | D:4      | Reached XP level 6. HP: 53/56 MP: 5/5
  3838 | D:4      | Reached skill level 5 in Long Blades
  4132 | D:4      | Found a deep blue altar of Sif Muna.
  4550 | D:4      | Reached skill level 5 in Armour
  4550 | D:4      | Reached skill level 5 in Shields
  4835 | D:4      | Reached XP level 7. HP: 57/64 MP: 6/6
  4959 | D:4      | Found a shattered altar of Ashenzari.
  5225 | D:4      | Found Dacuitas's Magic Scroll Shoppe.
  5228 | D:4      | Bought a scroll of fear for 45 gold pieces
  5228 | D:4      | Bought 2 scrolls of teleportation for 78 gold pieces
  5228 | D:4      | Bought a scroll of identify for 26 gold pieces
  5228 | D:4      | Bought a scroll of identify for 26 gold pieces
  5603 | D:5      | Entered Level 5 of the Dungeon
  5807 | D:5      | Noticed Dowan
  5808 | D:5      | Noticed Duvessa
  5810 | D:5      | Noticed Blork the orc
  5829 | D:5      | Killed Duvessa
  6257 | D:5      | Found a glowing golden altar of the Shining One.
  6306 | D:5      | Reached XP level 8. HP: 73/73 MP: 7/7
  6909 | D:5      | Killed Dowan
  7015 | D:5      | Killed Blork the orc
  7156 | D:6      | Found a runed door.
  7156 | D:6      | Found a glowing silver altar of Zin.
  7156 | D:6      | Noticed an angel
  7339 | D:6      | Got a scorched ring mail
  7340 | D:6      | Identified the +3 ring mail "Sugeifom" {rPois Stlth+} (You found it on level 6 of the Dungeon)
  7489 | D:6      | Found a runed door.
  7520 | D:6      | Found a runed door.
  7577 | D:6      | You fall through a shaft for 2 floors!
  7617 | D:8      | Reached XP level 9. HP: 80/82 MP: 8/8
  7680 | D:8      | Noticed a two-headed ogre
  7688 | D:8      | Killed a two-headed ogre
  7912 | D:7      | Reached skill level 10 in Fighting
  8211 | D:7      | Found a staircase to the Ecumenical Temple.
  8216 | Temple   | Entered the Ecumenical Temple
  8231 | Temple   | Became a worshipper of Trog the Wrathful
  8264 | D:7      | Reached skill level 10 in Long Blades
  8276 | D:7      | Noticed Pikel
  8320 | D:7      | Killed Pikel
  8320 | D:7      | Reached XP level 10. HP: 94/94 MP: 9/9
  8783 | D:7      | Found a hazy altar of Hepliaklqana.
  9001 | D:6      | Noticed Supahsalami's ghost (novice GrVM)
  9275 | D:8      | Got a twisted short sword
  9524 | D:8      | Noticed Erica
  9535 | D:8      | Killed Erica
  9791 | D:8      | Identified the +7 short sword of Greed {speed, MR- Int+2 Dex+4} (You found it on level 8 of the Dungeon)
 10124 | D:9      | Reached * piety under Trog
 10377 | D:9      | Found a staircase to the Lair.
 10510 | D:9      | Found a sacrificial altar of Ru.
 10607 | D:9      | Found a basalt altar of Yredelemnul.
 10736 | D:9      | Found a staircase to the Orcish Mines.
 10846 | D:10     | Entered Level 10 of the Dungeon
 10846 | D:10     | Noticed a two-headed ogre
 10861 | D:10     | Killed a two-headed ogre
 11340 | D:10     | Got a pitted ring mail
 11382 | D:10     | Noticed Fannar
 11403 | D:10     | Killed Fannar
 11403 | D:10     | Reached XP level 11. HP: 104/104 MP: 10/10
 11558 | D:10     | Found Pokhlu's Armour Boutique.
 11718 | D:11     | Reached ** piety under Trog
 12649 | D:11     | Noticed a green ugly thing
 12667 | D:11     | Killed a green ugly thing
 12805 | D:11     | Noticed a skeletal warrior
 12806 | D:11     | Noticed a phantasmal warrior
 12807 | D:11     | Noticed a death knight
 12830 | D:12     | Noticed Rupert
 12837 | D:11     | Noticed a red ugly thing
 12841 | D:11     | Noticed a two-headed ogre
 13393 | Lair:1   | Entered Level 1 of the Lair of Beasts
 13403 | Lair:1   | Noticed a wolf spider
 13662 | Lair:1   | Reached skill level 10 in Shields
 13703 | Lair:1   | Reached *** piety under Trog
 13719 | Lair:1   | Killed a wolf spider
 13719 | Lair:1   | Reached skill level 10 in Armour
 14354 | Lair:1   | Identified the cursed +0 ring mail of Xom's Delight {rCorr Dex+4} (You found it on level 10 of the Dungeon)
 14832 | Lair:2   | Reached XP level 12. HP: 43/115 MP: 11/11
 15629 | Lair:2   | Reached **** piety under Trog
 16058 | Lair:2   | Noticed Sonja
 16064 | Lair:2   | Killed Sonja
 16879 | Lair:3   | Noticed Gastronok
 16890 | Lair:3   | Killed Gastronok
 16890 | Lair:3   | Reached skill level 15 in Fighting
 16890 | Lair:3   | Reached XP level 13. HP: 126/126 MP: 12/12
 17117 | Lair:3   | Reached skill level 15 in Long Blades
 18036 | Lair:4   | Found a staircase to the Shoals.
 18130 | Lair:4   | Found a hole to the Spider Nest.
 18874 | Lair:5   | Noticed Kirke
 18894 | Lair:5   | HP: 4/127 [harpy[Kirke] (5)]
 18895 | Lair:5   | Mangled by a harpy

Vault maps used:
D:1:      scummos_arrival_forest
D:2:      grunt_gozag_breadcrumbs, gammafunk_temple_overflow_forgotten,
          first_ration, kennysheep_generic_room_4
D:3:      lightli_sewer_entry_pipes
D:4:      old_standard_altar, serial_shops, nicolae_shop_behind_doors,
          led_sif_pool
D:5:      basic_altar, uniq_blork_the_orc, uniq_duvessa
D:6:      ebering_ghost_sewer_f, lemuel_angel_altar
D:7:      lemuel_round_altar, temple_doors_e, serial_bayou_lagoon_a, uniq_pikel
D:8:      uniq_erica
D:9:      nicolae_ru_the_path_less_chosen, lemuel_doored_altar,
          david_lair_shrubbed
D:10:     serial_shops, nicolae_shop_window_shopping, uniq_fannar
D:12:     uniq_rupert, uniq_frances
Temple:   jpeg_temple_clearing
Lair:1:   minmay_lair_venomous_thicket, minmay_holes
Lair:2:   regret_index_tunnel_blossom, beast_lair_carwin_11, lemuel_fruit_tree,
          uniq_sonja
Lair:3:   infiniplex_staircase_pool_2, grunt_megastairs_3, uniq_gastronok
Lair:4:   elwin_shoals_entry_rocks, spider_nest_entry_funnel_web
Lair:5:   wad_woods_road_02, uniq_kirke

Skill      XL: |  1  2  3  4  5  6  7  8  9 10 11 12 13 |
---------------+----------------------------------------+-----
Fighting       | 4 5 6 7 8 10 12 13 15 | 15.5
Long Blades    | 3 4 5 6 8 10 11 13 14 15 | 15.4
Shields        | 4 5 6 7 9 10 11 | 11.7
Armour         | 4 5 6 7 9 10 11 | 11.7
Spellcasting   | |  0.5

Action                   |  1- 3 |  4- 6 |  7- 9 | 10-12 | 13-15 || total
-------------------------+-------+-------+-------+-------+-------++-------
Melee: Long sword        |    93 |   150 |   297 |    97 |       ||   637
       Headbutt          |     7 |    25 |    64 |   240 |    64 ||   400
       Short sword       |       |       |       |   635 |   139 ||   774
       Scimitar          |       |       |       |   102 |    50 ||   152
Invok: Berserk           |       |       |       |     5 |       ||     5
       Trog's Hand       |       |       |       |     3 |       ||     3
Evoke: Wand              |       |       |       |     2 |       ||     2
  Use: Potion            |       |     1 |     4 |     6 |     3 ||    14
       Scroll            |       |       |     8 |    12 |       ||    20
 Stab: Sleeping          |       |       |       |     2 |       ||     2
       Distracted        |       |       |       |     1 |       ||     1
  Eat: Chunk             |     1 |     8 |    12 |    16 |     7 ||    44
       Ration            |     1 |       |       |     5 |       ||     6
Armor: Scale mail        |    40 |    37 |    73 |       |       ||   150
       Ring mail         |       |       |    37 |    84 |       ||   121
       Chain mail        |       |       |       |    95 |    31 ||   126
Dodge: Dodged            |    28 |    35 |    86 |   130 |    17 ||   296
Block: Shield            |    51 |    76 |   142 |   360 |    60 ||   689
       Rpst.: Long sword |     5 |     8 |    22 |     8 |       ||    43
       Scimitar          |       |       |       |     6 |       ||     6

Table legend:
 A = Spawn XP
 B = Non-spawn XP
 C = Spawn XP percentage of total XP
 D = Spawn monster count
 E = Non-spawn monster count
 F = Spawn count percentage of total count
 G = Total turns spent on level
                    A         B        C        D         E        F      G
               +---------+---------+-------+---------+---------+-------+---------
         Total |       0 |   48306 |   0.0 |       0 |     387 |   0.0 | 18895
               +---------+---------+-------+---------+---------+-------+---------
           D:1 |       0 |      34 |   0.0 |       0 |      20 |   0.0 |   939
           D:2 |       0 |      70 |   0.0 |       0 |      14 |   0.0 |  1348
           D:3 |       0 |     244 |   0.0 |       0 |      26 |   0.0 |  1473
           D:4 |       0 |     699 |   0.0 |       0 |      31 |   0.0 |  1843
           D:5 |       0 |     884 |   0.0 |       0 |      24 |   0.0 |  1481
           D:6 |       0 |     725 |   0.0 |       0 |      13 |   0.0 |   725
           D:7 |       0 |    2527 |   0.0 |       0 |      33 |   0.0 |  1113
           D:8 |       0 |    2561 |   0.0 |       0 |      17 |   0.0 |  1036
           D:9 |       0 |    1431 |   0.0 |       0 |      21 |   0.0 |   907
          D:10 |       0 |    2912 |   0.0 |       0 |      14 |   0.0 |  1358
          D:11 |       0 |    5081 |   0.0 |       0 |      31 |   0.0 |  1115
          D:12 |       0 |     260 |   0.0 |       0 |       2 |   0.0 |    24
        Lair:1 |       0 |    3057 |   0.0 |       0 |      18 |   0.0 |  1304
        Lair:2 |       0 |   12833 |   0.0 |       0 |      71 |   0.0 |  1840
        Lair:3 |       0 |    8976 |   0.0 |       0 |      28 |   0.0 |  1321
        Lair:4 |       0 |    3532 |   0.0 |       0 |      14 |   0.0 |   686
        Lair:5 |       0 |    2480 |   0.0 |       0 |      10 |   0.0 |   351
               +---------+---------+-------+---------+---------+-------+---------
